 Dungeon Crawl Stone Soup version 0.30-a0-728-gc68057be0a (webtiles) character file.

Game seed: 16683668945438059167

306 hikkokomori the Conjurer (level 6, 0/19 (37) HPs)
             Began as a Tengu Reaver on Feb 1, 2023.
             Slain by an ice beast (7 damage)
             ... on level 4 of the Dungeon.
             The game lasted 00:05:25 (3154 turns).

hikkokomori the Conjurer (Tengu Reaver)             Turns: 3154, Time: 00:05:26

HP:   0/19 (37)     AC:  4    Str: 13    XL:     6   Next: 39%
MP:   11/12         EV: 14    Int: 13    God:
Gold: 150           SH:  0    Dex: 14    Spells: 8/11 levels left

rFire   . . .      SeeInvis .    a - +0 falchion (flame)
rCold   . . .      Faith    .    (no shield)
rNeg    . . .      Spirit   .    b - +0 leather armour
rPois   .          Reflect  .    (helmet restricted)
rElec   .          Harm     .    h - +0 cloak
rCorr   .          Rampage  .    (no gloves)
Will    .....                    (boots unavailable)
Stlth   ++                       (no amulet)
HPRegen 0.23/turn                (no ring)
MPRegen 0.13/turn                (no ring)

@: flying quickly and evasively, very heavily drained, quick
A: beak, talons 3, nimble flight
a: no special abilities


You were on level 4 of the Dungeon.
You visited 1 branch of the dungeon, and saw 4 of its levels.

You collected 150 gold pieces.

Inventory:

Hand Weapons
 a - a +0 falchion of flaming (weapon)
Missiles
 l - 3 javelins
Armour
 b - a +0 leather armour (worn)
 h - a +0 cloak (worn)
Scrolls
 d - a scroll of immolation
 g - a scroll of blinking
 j - 2 scrolls of vulnerability
Potions
 e - a potion of resistance
 k - a potion of heal wounds
 n - a potion of brilliance
 o - 2 potions of curing
 p - a potion of magic


   Skills:
 + Level 3.5 Fighting
 - Level 3.3 Long Blades
 - Level 2.3 Dodging
 + Level 3.0 Stealth
 + Level 3.4 Spellcasting
 + Level 5.8 Conjurations


You had 8 spell levels left.
You knew the following spells:

 Your Spells              Type           Power      Damage    Failure   Level
a - Kiss of Death         Conj/Necr      36%        2d8       9%          1
b - Momentum Strike       Conj/Tloc      18%        3d8       13%         2

Your spell library contained the following spells:

 Spells                   Type           Power      Damage    Failure   Level
 Hailstorm                Conj/Ice       9%         3d4       26%         3


Dungeon Overview and Level Annotations

Branches:
Dungeon (4/15)
 Temple: D:4-7

Altars:
Vehumet


Innate Abilities, Weirdness & Mutations

You have a beak for a mouth.
You have claws for feet.
Your magical nature lets you fly swiftly and evasively.


Message History

As you read the scroll labelled FUABOZ QUSA, it crumbles to dust.
It is a scroll of brand weapon.
Your +0 falchion is engulfed in flames!
a - a +0 falchion of flaming (weapon)
You start waiting.
You feel your willpower return.
There is a stone staircase leading down here.
You fly downwards.
The ice beast hits you. The ice beast freezes you!
Ouch! That really hurt!
* * * LOW HITPOINT WARNING * * *
There is a stone staircase leading up here.
Casting: Kiss of Death (safe; 9% risk of failure)
Confirm with . or Enter, or press ? or * to list all spells.
Aiming: Kiss of Death (safe; 9% risk of failure)
Press: ? - help, Shift-Dir - straight line, f - ice beast
Aim: an ice beast (100% to hit)
The negative energy hits the ice beast.
The ice beast is drained!
The ice beast is lightly wounded.
You feel drained. The ice beast misses you.
You closely miss the ice beast.
You claw the ice beast, but do no damage.
Your peck misses the ice beast.
The ice beast is lightly wounded.
The ice beast barely misses you.
The ice beast hits you but does no damage.
You barely miss the ice beast. Your kick misses the ice beast.
The ice beast is lightly wounded.
The ice beast hits you but does no damage.
You barely miss the ice beast. You peck the ice beast.
The ice beast is moderately wounded.
The ice beast misses you.
You hit the ice beast but do no damage.
You peck the ice beast, but do no damage.
The ice beast is lightly wounded.
The ice beast completely misses you.
You hit the ice beast.
You melt the ice beast.
You peck the ice beast, but do no damage.
The ice beast is moderately wounded.
The ice beast hits you. The ice beast freezes you!
You die...

..........#.).......#
.........##[[.......#
#.................#
#########.........#
##### #.........#
<...# #.........#
.g..# #.........#
....# ##.........#
..h.# #.....@....#
.....# ####....Y.....#
.###.###....##########
.###...........#
...####..#####...#
.........# ..#
.........###^# ##
.............#
.........###.#


You could see an ice beast (drained).

Vanquished Creatures
  A howler monkey (D:4)
  A hound (D:3)
  An orc priest (D:4)
  An iguana (D:3)
  An orc wizard (D:4)
  A gnoll (D:3)
  7 adders
  2 worms
  2 dart slugs
  3 orcs
  5 bats
  13 endoplasms
  2 giant cockroaches
  7 goblins
  6 hobgoblins
  6 quokkas
  8 ball pythons
  2 frilled lizards (D:2)
  8 kobolds
  4 rats
81 creatures vanquished.

Notes
Turn   | Place    | Note
-------+----------+-------------------------------------------
     0 | D:1      | hikkokomori the Tengu Reaver began the quest for the Orb.
     0 | D:1      | Reached XP level 1. HP: 12/12 MP: 4/4
    70 | D:1      | Reached XP level 2. HP: 17/17 MP: 6/6
   215 | D:1      | Reached XP level 3. HP: 22/22 MP: 7/7
   215 | D:1      | Found a faded altar of an unknown god.
   389 | D:1      | Reached skill level 1 in Stealth
   900 | D:2      | Learned a level 2 spell: Momentum Strike
  1112 | D:2      | Reached XP level 4. HP: 27/27 MP: 8/8
  1810 | D:3      | Reached skill level 5 in Conjurations
  2296 | D:3      | Gained mutation: Your magical nature lets you fly swiftly
                  | and evasively. [Tengu growth]
  2296 | D:3      | Reached XP level 5. HP: 28/32 MP: 10/10
  2454 | D:4      | Noticed an ice beast
  2628 | D:3      | Reached XP level 6. HP: 13/32 MP: 11/11
  2943 | D:4      | Found a radiant altar of Vehumet.
  3013 | D:4      | Noticed a black bear
  3154 | D:4      | Slain by an ice beast

Illustrated notes

Levels and vault maps discovered:
D:1:      tarquinn_simple_flora_water_b, layout_rooms,
          shapermc_ecumenical_altar_venn, minmay_crystal_room, minivault_24,
          minmay_heptomino_o4
D:2:      layout_loops_cross
D:3:      layout_basic
D:4:      layout_rooms, mainiacjoe_overflow_alcove_4

Skill      XL: |  1  2  3  4  5  6 |
---------------+-------------------+-----
Stealth        | 1 2 3 |  3.0
Conjurations   | 5 |  5.8
Fighting       | 3 |  3.5
Spellcasting   | 3 |  3.4
Long Blades    | |  3.3
Dodging        | |  2.3

Action                     |  1- 3 |  4- 6 || total
---------------------------+-------+-------++-------
  Melee: Falchion          |    73 |   119 ||   192
         Kick              |    14 |    33 ||    47
         Peck              |     9 |    16 ||    25
  Throw: Javelin           |       |     1 ||     1
   Cast: Kiss of Death     |       |     5 ||     5
         Momentum Strike   |       |     1 ||     1
    Use: Scroll            |       |    11 ||    11
         Potion            |       |     1 ||     1
   Stab: Sleeping          |     2 |     4 ||     6
 Armour: Leather armour    |    17 |    35 ||    52
  Dodge: Dodged            |    46 |    82 ||   128

Table legend: (Time is in decaauts)
 A = Elapsed time spent in this place.
 B = Non-inter-level travel time spent in this place.
 C = Inter-level travel time spent in this place.
 D = Time resting spent in this place.
 E = Time spent auto-exploring this place.
 F = Levels seen in this place.
 G = Mean time per level.
                   A        B        C        D        E       F      G
               +--------+--------+--------+--------+--------+-----+--------+
         Total |   3153 |   2962 |    191 |    178 |   2209 |   4 |  788.2 |
       Dungeon |   3153 |   2962 |    191 |    178 |   2209 |   4 |  788.2 |
               +--------+--------+--------+--------+--------+-----+--------+

Top non-repeatable levels by time:
     D:3: 1389 daAuts
     D:1: 735 daAuts
     D:2: 692 daAuts
     D:4: 336 daAuts
